 Dungeon Crawl Stone Soup version 0.23.2-30-g0e89c35649 (webtiles) character file.

Game seed: 4248483275254120366

84 Descartes the Skirmisher (level 4, -5/37 HPs)
             Began as a Formicid Abyssal Knight on June 24, 2019.
             Was a Believer of Lugonu.
             Slain by a phantom (7 damage)
             ... on level 2 of the Dungeon.
             The game lasted 00:04:51 (1813 turns).

Descartes the Skirmisher (Formicid Abyssal Knight)  Turns: 1813, Time: 00:04:51

Health: -5/37      AC:  9    Str: 16    XL:     4   Next: 72%
Magic:  6/6        EV:  7    Int: 12    God:    Lugonu [**....]
Gold:   135        SH:  0    Dex: 15    Spells: 3/3 levels left

rFire    . . .     SeeInvis +   a - +1 hand axe
rCold    . . .     Gourm    .   (no shield)
rNeg     . . .     Faith    .   k - +0 chain mail (curse)
rPois    .         Spirit   .   (helmet unavailable)
rElec    .         Reflect  .   (no cloak)
rCorr    .         Harm     .   (no gloves)
MR       .....                  (no boots)
Stlth    ..........             (no amulet)
HPRegen  0.12/turn              d - +4 ring of dexterity
MPRegen  0.10/turn              (no ring)

@: no status effects
A: permanent stasis, dig shafts and tunnels, four strong arms, antennae 3
a: Dig, Shaft Self, Depart the Abyss, Bend Space, Renounce Religion


You were on level 2 of the Dungeon.
You worshipped Lugonu.
Lugonu was pleased with you.
You were very hungry.

You visited 1 branch of the dungeon, and saw 2 of its levels.
You visited the Abyss 1 time.

You collected 135 gold pieces.

Inventory:

Hand Weapons
 a - a +1 hand axe (weapon)
Armour
 k - a cursed +0 chain mail (worn)
Jewellery
 d - a +4 ring of dexterity (left hand)
Wands
 o - a wand of acid (7)
Scrolls
 b - a scroll of fear {unknown}
 e - 2 scrolls of teleportation {unknown}
 i - a scroll of amnesia {unknown}
 j - a scroll of enchant armour {unknown}
 l - 2 scrolls of enchant weapon {unknown}
 m - a scroll of immolation {unknown}
 n - a scroll of magic mapping {unknown}
Potions
 f - a potion of curing
 g - a potion of heal wounds {unknown}
 h - a potion of magic {unknown}
 p - a potion of haste {unknown}
Comestibles
 c - 3 rations


   Skills:
 + Level 3.9 Fighting
 + Level 2.6 Axes
 + Level 3.0 Armour
 + Level 1.6 Dodging
 + Level 3.0 Invocations


You had 3 spell levels left.
You didn't know any spells.
Your spell library was empty.

Dungeon Overview and Level Annotations

Branches:
Dungeon (2/15)

Altars:
Hepliaklqana


Innate Abilities, Weirdness & Mutations

You cannot be hasted, slowed, berserked, paralysed or teleported.
You can dig through walls and to a lower floor.
Your four strong arms can wield two-handed weapons with a shield.
You have a pair of large antennae on your head. (SInv)


Message History

The phantom is heavily damaged.
The phantom blinks!
There is an open door here.
You see here a worm corpse.
You butcher the worm corpse.
You see here 3 chunks of flesh.
You hit the phantom.
The phantom is heavily damaged.
The phantom barely misses you.
Your chain mail prevents you from hitting the phantom.
The phantom is heavily damaged.
The phantom hits you.
* * * LOW HITPOINT WARNING * * *
You closely miss the phantom.
The phantom is heavily damaged.
The phantom hits you but does no damage.
You slash the phantom!
The phantom is severely damaged.
The phantom hits you!
You die...

####### #.....# ###########
#.....# #.........#######
#...... #............??..
#...... #................
###.#.. #................
#.#..
#........†##############.#..
+.........W@................
#.........#######...#######.
#.........#######...#.......
.......................#####.
##################.....##<...
#...#.##.... #..†#.##....
#...#..#.... #...#.......


You could see a phantom.

Vanquished Creatures
  A gnoll (D:1)
  2 adders (D:2)
  An ooze (D:2)
  A worm (D:2)
  2 leopard geckos (D:1)
  5 giant cockroaches
  2 goblins (D:1)
  6 hobgoblins
  4 jackals (D:1)
  8 bats
  8 frilled lizards
  3 kobolds (D:1)
  4 rats
47 creatures vanquished.

Notes
Turn   | Place    | Note
-------+----------+-------------------------------------------
     0 | Abyss:1  | Descartes the Formicid Abyssal Knight began the quest for
                  | the Orb.
     0 | Abyss:1  | Reached XP level 1. HP: 18/18 MP: 2/2
    22 | D:1      | Escaped the Abyss
    69 | D:1      | Reached skill level 1 in Dodging
   303 | D:1      | Reached XP level 2. HP: 24/24 MP: 3/3
   453 | D:1      | Reached XP level 3. HP: 12/29 MP: 4/4
   829 | D:1      | Reached ** piety under Lugonu
  1089 | D:1      | Reached XP level 4. HP: 25/37 MP: 6/6
  1215 | D:2      | Found a hazy altar of Hepliaklqana.
  1775 | D:2      | Noticed a phantom
  1813 | D:2      | Slain by a phantom

Skill      XL: |  1  2  3  4 |
---------------+-------------+-----
Dodging        | 1 |  1.6
Invocations    | 3 |  3.0
Armour         | 3 |  3.0
Fighting       | |  3.9
Axes           | |  2.6

Action                   |  1- 3 |  4- 6 || total
-------------------------+-------+-------++-------
Melee: Hand axe          |   118 |    65 ||   183
  Use: Potion            |       |     1 ||     1
  Eat: Chunk             |     1 |     1 ||     2
Armor: Leather armour    |    19 |       ||    19
       Ring mail         |    41 |    11 ||    52
       Chain mail        |       |    23 ||    23
Dodge: Dodged            |   113 |    29 ||   142
